 Dungeon Crawl Stone Soup version 0.21-a0-634-gaf8bc5d (webtiles) character file.

56 KeeTraxx the Slasher (level 3, -2/35 HPs)
             Began as a Gnoll Chaos Knight on Dec 29, 2017.
             Slain by a hobgoblin
             ... wielding a +0 club
              (5 damage)
             ... on level 2 of the Dungeon.
             The game lasted 00:04:53 (528 turns).

KeeTraxx the Slasher (Gnoll Chaos Knight)            Turns: 528, Time: 00:04:54

Health: -2/35      AC:  5    Str: 14    XL:     3   Next: 97%
Magic:  4/4        EV: 12    Int: 15    God:    Xom [....*.]
Gold:   31         SH:  0    Dex: 14    Spells: 4/4 levels left

rFire    . . .     SeeInvis +   a - +0 falchion (chaos)
rCold    . . .     Gourm    .   (no shield)
rNeg     . . .     Faith    .   b - +2 leather armour
rPois    .         Spirit   .   (no helmet)
rElec    .         Reflect  .   (no cloak)
rCorr    .         Harm     .   (no gloves)
MR       .....                  (no boots)
Stlth    +.........             (no amulet)
HPRegen  0.11/turn              e - ring of see invisible
MPRegen  0.09/turn              (no ring)

@: lethally poisoned (-2 -> -5), hasted, very quick
A: distributed training, fangs 1, strong nose
a: Renounce Religion


You were on level 2 of the Dungeon.
You worshipped Xom.
You were a beloved toy of Xom.
You were not hungry.

You visited 1 branch of the dungeon, and saw 2 of its levels.

You collected 31 gold pieces.

Inventory:

Hand Weapons
 a - a +0 falchion of chaos (weapon)
Armour
 b - a +2 leather armour (worn)
Jewellery
 e - a ring of see invisible (left hand)
Scrolls
 f - a scroll of teleportation {unknown}
 g - a scroll of identify {unknown}
Potions
 i - a potion of berserk rage {unknown}
 j - a potion of brilliance {unknown}
Comestibles
 c - 2 rations
 d - 3 chunks of flesh


   Skills:
 + Level 6.5 Fighting
 + Level 1.0 Short Blades
 + Level 6.5 Long Blades
 + Level 1.0 Axes
 + Level 1.0 Maces & Flails
 + Level 1.0 Polearms
 + Level 1.0 Staves
 + Level 1.0 Slings
 + Level 1.0 Bows
 + Level 1.0 Crossbows
 + Level 1.0 Throwing
 + Level 4.6 Armour
 + Level 2.6 Dodging
 + Level 1.0 Stealth
 + Level 1.0 Shields
 + Level 1.0 Unarmed Combat
 + Level 1.0 Spellcasting
 + Level 0.7 Conjurations
 + Level 0.7 Hexes
 + Level 0.7 Charms
 + Level 0.7 Summonings
 + Level 0.7 Necromancy
 + Level 0.7 Translocations
 + Level 0.7 Transmutations
 + Level 0.7 Fire Magic
 + Level 0.7 Ice Magic
 + Level 0.7 Air Magic
 + Level 0.7 Earth Magic
 + Level 0.7 Poison Magic
 + Level 1.0 Invocations
 + Level 1.0 Evocations


You had 4 spell levels left.
You didn't know any spells.

Dungeon Overview and Level Annotations

Branches:
Dungeon (2/15)

Altars:


Innate Abilities, Weirdness & Mutations

Your experience applies equally to all skills.
You have very sharp teeth.
Your uncanny sense of smell can sniff out nearby items.


Message History

A hobgoblin comes into view. It is wielding a club.
Unknown command.
You hit the goblin.
You kill the goblin!
The hobgoblin hits you but does no damage.
The goblin hits you.
* * * LOW HITPOINT WARNING * * *
The goblin closely misses you. The goblin hits you.
* * * LOW HITPOINT WARNING * * *
Unknown command.
It was a potion of haste.
You feel yourself speed up. The hobgoblin barely misses you.
The goblin barely misses you.
You riposte.
You closely miss the goblin. The goblin barely misses you.
The goblin misses you.
You closely miss the hobgoblin. You bite the hobgoblin.
The hobgoblin is moderately wounded.
* * * LOW HITPOINT WARNING * * *
You feel sick. The goblin closely misses you.
The hobgoblin hits you with a club.
You die...

#...# #.:..#
.. .....##.#
####..#.>..#
...g......#
.gg.<..#
#gg>!.# ##
#@g...# .#
#g†...##.#
##(((..#.#
#####...##
##...#
##...# #..#
#.# ##


You could see 3 hobgoblins and 4 goblins.

Vanquished Creatures
  An adder (D:2)
  2 oozes (D:1)
  A worm (D:2)
  2 dart slugs (D:1)
  A leopard gecko (D:2)
  A ball python (D:1)
  3 bats
  2 giant cockroaches (D:1)
  3 goblins
  3 hobgoblins
  3 jackals (D:1)
  2 kobolds (D:1)
  A frilled lizard (D:1)
  3 rats
28 creatures vanquished.

Notes
Turn   | Place    | Note
-------+----------+-------------------------------------------
     0 | D:1      | KeeTraxx the Gnoll Chaos Knight began the quest for the Orb.
     0 | D:1      | Reached XP level 1. HP: 23/23 MP: 1/1
    58 | D:1      | Reached XP level 2. HP: 29/29 MP: 2/2
   192 | D:1      | XOM: divination: magic mapping
   317 | D:1      | Reached XP level 3. HP: 32/35 MP: 3/3
   503 | D:1      | You fall through a shaft!
   515 | D:2      | Reached skill level 1 in Invocations
   523 | D:2      | Reached skill level 1 in Short Blades
   523 | D:2      | Reached skill level 1 in Axes
   523 | D:2      | Reached skill level 1 in Maces & Flails
   523 | D:2      | Reached skill level 1 in Polearms
   523 | D:2      | Reached skill level 1 in Staves
   523 | D:2      | Reached skill level 1 in Slings
   523 | D:2      | Reached skill level 1 in Bows
   523 | D:2      | Reached skill level 1 in Crossbows
   523 | D:2      | Reached skill level 1 in Throwing
   523 | D:2      | Reached skill level 1 in Stealth
   523 | D:2      | Reached skill level 1 in Shields
   523 | D:2      | Reached skill level 1 in Unarmed Combat
   523 | D:2      | Reached skill level 1 in Spellcasting
   523 | D:2      | Reached skill level 1 in Evocations
   528 | D:2      | Slain by a hobgoblin

Vault maps used:
D:1:      matt_arrival_spirals
D:2:      lemuel_doored_altar, gammafunk_temple_overflow_statue,
          minmay_goblin_outpost

Skill      XL: |  1  2  3 |
---------------+----------+-----
Invocations    | 1 |  1.0
Short Blades   | 1 |  1.0
Axes           | 1 |  1.0
Maces & Flails | 1 |  1.0
Polearms       | 1 |  1.0
Staves         | 1 |  1.0
Slings         | 1 |  1.0
Bows           | 1 |  1.0
Crossbows      | 1 |  1.0
Throwing       | 1 |  1.0
Stealth        | 1 |  1.0
Shields        | 1 |  1.0
Unarmed Combat | 1 |  1.0
Spellcasting   | 1 |  1.0
Evocations     | 1 |  1.0
Fighting       | |  6.5
Long Blades    | |  6.5
Armour         | |  4.6
Dodging        | |  2.6
Conjurations   | |  0.7
Hexes          | |  0.7
Charms         | |  0.7
Summonings     | |  0.7
Necromancy     | |  0.7
Translocations | |  0.7
Transmutations | |  0.7
Fire Magic     | |  0.7
Ice Magic      | |  0.7
Air Magic      | |  0.7
Earth Magic    | |  0.7
Poison Magic   | |  0.7

Action                   || total
-------------------------++-------
Melee: Falchion          ||    58
       Bite              ||     8
  Use: Potion            ||     1
 Stab: Sleeping          ||     3
Armor: Leather armour    ||    34
Dodge: Dodged            ||    77
       Rpst.: Falchion   ||    19

Table legend:
 A = Spawn XP
 B = Non-spawn XP
 C = Spawn XP percentage of total XP
 D = Spawn monster count
 E = Non-spawn monster count
 F = Spawn count percentage of total count
 G = Total turns spent on level
                    A         B        C        D         E        F      G
               +---------+---------+-------+---------+---------+-------+---------
         Total |       0 |      81 |   0.0 |       0 |      28 |   0.0 |   528
               +---------+---------+-------+---------+---------+-------+---------
           D:1 |       0 |      54 |   0.0 |       0 |      21 |   0.0 |   503
           D:2 |       0 |      27 |   0.0 |       0 |       7 |   0.0 |    25
               +---------+---------+-------+---------+---------+-------+---------
